AoeStats
← catchchez

Arabia

510431635Analyzed
1v1 RM · 3d ago on Oct 1, 2026· 29m 38s· 2 players
Game mode
Random Map
Map size
Tiny (2 player)
Population
200
Speed
Normal
Resources
Standard
Victory
Conquest
Starting age
Dark Age
Ending age
Imperial Age
RankedLock teamsTeams togetherTeam positionsShared explorationLock speedFull tech treeHidden civsTurbo modeCheats
Victory
Defeat
🇮🇳 Goths · India
737
+14
🇨🇱 Maya · Chile
703
-14
JTA.KZANOVA
8:56 Loom
11:32 Feudal Age
14:45 Horse Collar
16:43 Man-at-Arms
18:34 Gold Mining
19:24 Double-Bit Axe
22:11 Scale Mail Armor
22:07 Fletching
25:45 Wheelbarrow
28:22 Padded Archer Armor
28:32 Forging
catchchez
0:32 Loom
10:53 Feudal Age
10:54 Man-at-Arms
13:02 Double-Bit Axe
20:21 Fletching
24:34 Castle Age
Connection lost

Rejoining the realm…

Still unreachable

The connection could not be restored.

Session expired

The server has moved on; the page needs a fresh start.